 Dungeon Crawl Stone Soup version 0.20-a0-313-g10ed074 (webtiles) character file.

190 Junicave the Digger (level 5, -3/28 HPs)
             Began as a Gargoyle Earth Elementalist on Dec 20, 2016.
             Slain by gitgud34's ghost (5 damage)
             ... on level 3 of the Dungeon.
             The game lasted 00:12:07 (3309 turns).

Junicave the Digger (Gargoyle Earth Elementalist)   Turns: 3309, Time: 00:12:08

Health: -3/28      AC:  7    Str: 14    XL:     5   Next: 69%
Magic:  0/9        EV: 12    Int: 17    God:
Gold:   113        SH:  0    Dex: 10    Spells: 6/10 levels left

rFire  . . .     SeeInvis .     a - +0 mace
rCold  . . .     Gourm    .     y - +0 robe (curse)
rNeg   + . .     Faith    .     (no shield)
rPois  ∞         Spirit   .     (no helmet)
rElec  +         Reflect  .     o - +0 cloak
rCorr  .         Harm     .     (no gloves)
MR     .....                    (no boots)
Stlth  ++........               (no amulet)
                                (no ring)
                                s - +3 ring of strength

@: no status effects
A: negative energy resistance 1, electricity resistance, unbreathing,
petrification resistance, rot immunity, AC +4
a: no special abilities


You were on level 3 of the Dungeon.
You were hungry.

You visited 1 branch of the dungeon, and saw 3 of its levels.

You collected 113 gold pieces.

Inventory:

Hand Weapons
 a - a +0 mace (weapon)
Missiles
 b - 98 stones (quivered)
Armour
 c - a +0 robe
 m - a +0 leather armour
 o - a +0 cloak (worn)
 y - a cursed +0 robe (worn)
Jewellery
 s - a +3 ring of strength (left hand)
Scrolls
 h - a scroll of recharging {unknown}
 k - a scroll of amnesia {unknown}
 v - 3 scrolls of identify {unknown}
 w - a scroll of remove curse {unknown}
 A - a scroll of enchant armour {unknown}
Potions
 g - a potion of invisibility {unknown}
 i - 2 potions of might
 j - 2 potions of cure mutation {unknown}
 p - a potion of lignification {unknown}
 q - a potion of mutation {unknown}
 t - a potion of haste {unknown}
 u - a potion of cancellation {unknown}
 z - a potion of berserk rage {unknown}
Books
 e - a book of Geomancy

   Spells                             Type                      Level
   a - Sandblast                      Earth                        1
   b - Passwall                       Transmutation/Earth          2
   c - Stone Arrow                    Conjuration/Earth            3
   d - Petrify                        Transmutation/Earth          4
   e - Lee's Rapid Deconstruction     Earth                        5
 x - a book of Cantrips

   Spells                             Type                      Level
   a - Confusing Touch                Hexes                        1
   b - Animate Skeleton               Necromancy                   1
   c - Summon Small Mammal            Summoning                    1
   d - Apportation                    Translocation                1
Comestibles
 d - 3 bread rations
 f - 2 meat rations
 l - a royal jelly
 n - 4 fruits
 r - a slice of pizza


   Skills:
 + Level 2.0 Maces & Flails
 - Level 1.5 Dodging
 - Level 2.1 Stealth
 + Level 3.1 Spellcasting
 + Level 2.0 Conjurations
   Level 0.7 Transmutations
 + Level 5.3 Earth Magic


You had 6 spell levels left.
You knew the following spells:

 Your Spells              Type           Power        Failure   Level  Hunger
a - Sandblast             Erth           ###...       1%          1    None
b - Stone Arrow           Conj/Erth      ###...       12%         3    ###....


Dungeon Overview and Level Annotations

Branches:
Dungeon (3/15)

Altars:

Annotations:
D:3 Natasha; gitgud34's ghost, amateur OgFE


Innate Abilities, Weirdness & Mutations

You are resistant to torment.
Your stone body is resilient. (AC +4)
You are immune to poison.
You resist negative energy. (rN+)
You are resistant to electric shocks. (rElec)
You can survive without breathing.
You are immune to petrification.
You are immune to rotting.


Message History

Gitgud34's ghost is severely damaged.
Gitgud34's ghost casts a spell at you. The flame tongue hits you!
You hit gitgud34's ghost but do no damage.
Gitgud34's ghost is severely damaged.
Gitgud34's ghost closely misses you.
Gitgud34's ghost hits you but does no damage.
Casting: Stone Arrow
Confirm with . or Enter, or press ? or * to list all spells.
Aiming: Sandblast
Press: ? - help, Shift-Dir - straight line, f/p - gitgud34's ghost
Aim: gitgud34's ghost, wielding a weapon of venom (severely damaged)
The blast of sand misses gitgud34's ghost.
Gitgud34's ghost whispers, "The ORB doesn't exist."
Gitgud34's ghost hits you!
* * * LOW HITPOINT WARNING * * *
You closely miss gitgud34's ghost.
Gitgud34's ghost is severely damaged.
Gitgud34's ghost hits you.
You die...

#.# #.##.# .#
#.#####W##.##.####
##.................
#........##.##...#.
##..#####.##.##...#.
##................W..
###....................
#...............##.#.#.
#####...@W...#.#.........
#............#.#..##.#...
#............#....##.#...
#..............).........
#.............)..........
#.....>..................
#.......#..###.##.##.....
#####.#.#................
######.#.######.#####.###.


You could see gitgud34's ghost.

Vanquished Creatures
  Jessica (D:3)
  Natasha (D:3)
  7 adders (D:2)
  A shadow imp (D:3)
  5 worms
  An orc (D:3)
  2 giant cockroaches (D:3)
  3 hobgoblins
  3 jackals (D:1)
  A quokka (D:2)
  6 bats
  7 frilled lizards
  7 goblins
  8 kobolds
  10 rats
63 creatures vanquished.

Notes
Turn   | Place    | Note
-------+----------+-------------------------------------------
     0 | D:1      | Junicave the Gargoyle Earth Elementalist began the quest for the Orb.
     0 | D:1      | Reached XP level 1. HP: 10/10 MP: 3/3
   226 | D:1      | Reached XP level 2. HP: 13/15 MP: 5/5
   411 | D:1      | Reached skill level 4 in Earth Magic
   770 | D:2      | Reached XP level 3. HP: 16/19 MP: 1/7
   786 | D:2      | Learned a level 3 spell: Stone Arrow
  1013 | D:2      | Reached XP level 4. HP: 14/24 MP: 0/8
  1208 | D:2      | Reached skill level 1 in Conjurations
  1364 | D:2      | Reached skill level 1 in Maces & Flails
  2158 | D:2      | Reached skill level 5 in Earth Magic
  2226 | D:3      | Reached XP level 5. HP: 26/28 MP: 9/9
  2401 | D:3      | Noticed Jessica
  2405 | D:3      | Killed Jessica
  2488 | D:3      | Noticed Natasha
  2490 | D:3      | Noticed gitgud34's ghost (amateur OgFE)
  2499 | D:3      | Killed Natasha
  2517 | D:3      | Noticed Natasha
  3309 | D:3      | Slain by gitgud34's ghost

Vault maps used:
D:1:      minmay_arrival_five_plusses
D:2:      cheibrodos_helix_gallery
D:3:      nicolae_ru_great_annihilating_truth, uniq_jessica,
          uniq_crazy_yiuf_cottage, uniq_natasha

Skill      XL: |  1  2  3  4  5 |
---------------+----------------+-----
Earth Magic    | 4 5 |  5.3
Spellcasting   | 3 |  3.1
Conjurations   | 1 2 |  2.0
Maces & Flails | 1 2 |  2.0
Dodging        | |  1.5
Stealth        | |  2.1
Transmutations | |  0.7

Action                   |  1- 3 |  4- 6 || total
-------------------------+-------+-------++-------
Melee: Mace              |    52 |   119 ||   171
 Cast: Sandblast         |    19 |    26 ||    45
       Stone Arrow       |       |     6 ||     6
 Stab: Sleeping          |     1 |     1 ||     2
  Eat: Chunk             |       |     8 ||     8
Armor: Robe              |    12 |     3 ||    15
       Leather armour    |    25 |    52 ||    77
Dodge: Dodged            |    45 |   119 ||   164
